Match 44705438
Unlisted

Match 44705438
End
Vickers Machine Gun Team
Construct Section Command Post
Selects Air and Sea Battlegroup
Infantry Section
Infantry Section
Grenade Package
Infantry Section
Selects Supply Surplus
Construct Field Infirmary
Forward Retreat Point
random
Deroldsen
lplp4943718
lamasroman580
凶手就在我们中间!
Keijovaari
И Я УПАЛ
Kumiho
0
0

Comments sign in to comment!

No comments posted yet!